 Dungeon Crawl Stone Soup version 0.14-a0-1519-gc5e2f7f (webtiles) character file.

979 Piginabag the Archer (level 7, -5/43 HPs)
             Began as a High Elf Arcane Marksman on Dec 15, 2013.
             Hit by a stone thrown by an orc warrior (7 damage)
             ... on Level 6 of the Dungeon on Dec 16, 2013.
             The game lasted 00:29:25 (5310 turns).

Piginabag the Archer (High Elf Arcane Marksman)     Turns: 5310, Time: 00:29:25

HP  -5/43        AC  2     Str 11      XL: 7   Next: 67%
MP  15/18        EV 14     Int 17      God:
Gold 140         SH  0     Dex 16      Spells:  4 memorised,  2 levels left

rFire  . . .     SeeInvis .     m - +0 blowgun (curse)
rCold  . . .     Clarity  .     a - +0 elf robe
rNeg   . . .     Conserve .     (no shield)
rPois  .         rCorr    +     (no helmet)
rElec  .         rRot     .     (no cloak)
SustAb . .       Spirit   .     (no gloves)
rMut   .         Warding  .     (no boots)
Saprov . . .     Stasis   .     z - amulet of resist corrosion
                                (no ring)
                                (no ring)

@: slightly resistant to hostile enchantments, fairly stealthy
A: no striking features
a: no special abilities


You were on level 6 of the Dungeon.
You were not hungry.

You visited 1 branch of the dungeon, and saw 6 of its levels.

You collected 182 gold pieces.
You spent 42 gold pieces at shops.

Inventory:

Hand weapons
 b - a +1,+0 elven bow
 m - a cursed +0 blowgun (weapon)
Missiles
 c - 67 arrows
 h - 9 arrows of frost
 n - 27 poisoned needles (quivered)
 A - 6 curare-tipped needles
Armour
 a - a +0 elven robe (worn)
 E - the cursed +5 ring mail of Negligence {rElec Str+2 Dam+6, unknown}
   (You found it on level 5 of the Dungeon)

   It affects your strength (+2).
   It affects your damage-dealing abilities (+6).
   It insulates you from electricity.
   It has a curse placed upon it.
Magical devices
 C - a wand of random effects (14)
 D - a wand of teleportation (3)
 F - a wand of disintegration (12) {unknown}
 J - a wand of cold (4)
Comestibles
 f - 2 bread rations
 k - 3 pears
 l - 3 meat rations
 t - a cheese
Scrolls
 g - 9 scrolls of teleportation
 j - 3 scrolls of blinking
 p - 6 scrolls of identify
 v - a scroll of enchant weapon II {unknown}
 w - 3 scrolls of remove curse {unknown}
 x - 2 scrolls of enchant weapon I
 y - a scroll of magic mapping {unknown}
 B - a scroll of curse jewellery {unknown}
 K - a scroll of random uselessness {unknown}
Jewellery
 z - an amulet of resist corrosion (around neck)
Potions
 e - 4 potions of curing
 i - a potion of agility {unknown}
 o - 2 potions of brilliance
 q - a potion of lignification {unknown}
 r - a potion of porridge
 s - a potion of resistance {unknown}
 u - a potion of beneficial mutation {unknown}
 G - a potion of might {unknown}
 I - a potion of restore abilities {unknown}
Books
 d - a book of Debilitation

   Spells                             Type                      Level
   *Corona                            Hexes                        1
   *Slow                              Hexes                        2
   Inner Flame                        Hexes/Fire                   3
   Enslavement                        Hexes                        4
   *Cause Fear                        Hexes                        4
   Leda's Liquefaction                Hexes/Earth                  4
 H - a book of the Sky

   Spells                             Type                      Level
   *Flight                            Charms/Air                   3
   Airstrike                          Air                          4
   Silence                            Hexes/Air                    5
   Deflect Missiles                   Charms/Air                   6
   Conjure Ball Lightning             Conjuration/Air              6
   Tornado                            Air                          9


   Skills:
 + Level 1.0 Fighting
 + Level 9.0 Bows
 + Level 3.4 Dodging
 + Level 1.2 Stealth
 + Level 3.2 Spellcasting
 + Level 5.0 Hexes
 + Level 0.2 Evocations


You had 2 spell levels left.
You knew the following spells:

 Your Spells              Type           Power        Failure   Level  Hunger
a - Corona                Hex            ###....      2%          1    None
b - Slow                  Hex            ###.....     3%          2    ##.....
c - Cause Fear            Hex            ###.......   24%         4    ####...
d - Flight                Chrm/Air       #.........   61%         3    ###....


Dungeon Overview and Level Annotations

Branches:
Dungeon (6/16)
 Temple: D:4-7

Altars:
Fedhas
Yredelemnul
the Shining One

Shops:
D:4 */(*(


Message History

Aim: an orc warrior, wielding an orcish hand axe and wearing an orcish chain mail (heavily wounded, poisoned, softly glowing, moving slowly)
You shoot a poisoned needle.
The poisoned needle hits the orc warrior.
The orc warrior looks even sicker.
The orc warrior is heavily wounded.
The orc warrior is no longer moving slowly.
The orc warrior throws a stone.
The stone hits you!
Firing (i - inventory. (,) - cycle):
n - 28 poisoned needles (quivered)
Press: ? - help, Shift-Dir - straight line, f/p - orc warrior
Aim: an orc warrior, wielding an orcish hand axe and wearing an orcish chain mail (heavily wounded, poisoned, softly glowing)
You shoot a poisoned needle.
The poisoned needle misses the orc warrior.
The poisoned needle hits the orc priest.
The orc priest looks even sicker.
The orc priest is moderately wounded.
The orc priest invokes the aid of Beogh against you.
Something smites you!
* * * LOW HITPOINT WARNING * * *
The orc warrior throws a stone.
The stone hits you!
You die...

#############
#............####
#(@.....oo#
#.####.##(#
###.####.##.# ### #
.........##.# #.. .
###.####.##.# #.#.#
... #.##)# #(#.#
#.# #.##o# #o#.###
##.###.##o###.o...#
##....##<(##)....#


You could see an orc warrior and an orc priest.

Vanquished Creatures
  A centaur (D:4)
  Sigmund (D:5)
  Duvessa (D:4)
  A giant frog (D:3)
  Dowan (D:4)
  A crimson imp (D:5)
  A jelly (D:5)
  A gnoll shaman (D:5)
  Crazy Yiuf (D:5)
  2 hounds (D:4)
  2 orc wizards
  A scorpion (D:5)
  Ijyb (D:5)
  3 gnolls (D:5)
  7 adders
  5 worms
  5 giant geckos
  6 orcs
  16 bats
  5 giant cockroaches
  8 goblins
  17 hobgoblins
  A quokka (D:3)
  A ball python (D:1)
  7 giant newts
  2 goblin skeletons (D:5)
  A hobgoblin skeleton (D:4)
  3 jackals (D:2)
  16 kobolds
  A kobold skeleton (D:4)
  6 rats
125 creatures vanquished.

Notes
Turn   | Place    | Note
--------------------------------------------------------------
     0 | D:1      | Piginabag, the High Elf Arcane Marksman, began the quest for the Orb.
     0 | D:1      | Reached XP level 1. HP: 13/13 MP: 3/3
   560 | D:1      | Reached XP level 2. HP: 18/18 MP: 4/4
  1072 | D:1      | Upgraded the game from 0.14-a0-1499-g388a102 to 0.14-a0-1519-gc5e2f7f
  1162 | D:2      | Reached XP level 3. HP: 23/23 MP: 6/6
  1223 | D:2      | Reached skill level 4 in Bows
  1434 | D:2      | Learned a level 2 spell: Slow
  1467 | D:2      | Reached XP level 4. HP: 25/28 MP: 4/9
  1746 | D:2      | Reached skill level 5 in Bows
  1792 | D:3      | Noticed a giant frog
  2553 | D:3      | Killed a giant frog
  2553 | D:3      | Reached XP level 5. HP: 20/33 MP: 6/10
  2678 | D:3      | Found a glowing golden altar of the Shining One.
  2917 | D:4      | Reached skill level 6 in Bows
  2919 | D:4      | Found Faubbausm's General Store.
  3021 | D:4      | Found Gaejaag's Weapon Emporium.
  3036 | D:4      | Bought 7 curare-tipped needles for 42 gold pieces
  3338 | D:4      | Found a blossoming altar of Fedhas.
  3408 | D:4      | Reached XP level 6. HP: 35/38 MP: 10/14
  3462 | D:4      | Found Stroul's Assorted Antiques.
  3492 | D:4      | Noticed a centaur
  3503 | D:4      | Killed a centaur
  3503 | D:4      | Reached skill level 7 in Bows
  3503 | D:4      | Reached skill level 1 in Stealth
  3543 | D:4      | Found Zalaama's Magical Wand Boutique.
  3629 | D:4      | Noticed Dowan
  3631 | D:4      | Noticed Duvessa
  3641 | D:4      | Killed Duvessa
  3646 | D:4      | Killed Dowan
  3870 | D:4      | Found Ruyz Pey's Weapon Shoppe.
  4117 | D:5      | Entered Level 5 of the Dungeon
  4125 | D:5      | Reached XP level 7. HP: 43/43 MP: 13/18
  4151 | D:5      | Reached skill level 8 in Bows
  4209 | D:5      | Noticed Sigmund
  4218 | D:5      | Killed Sigmund
  4247 | D:5      | Learned a level 4 spell: Cause Fear
  4266 | D:5      | Learned a level 3 spell: Flight
  4284 | D:5      | Found a basalt altar of Yredelemnul.
  4539 | D:5      | Noticed Ijyb
  4561 | D:5      | Killed Ijyb
  4786 | D:5      | Noticed Crazy Yiuf
  4809 | D:5      | Killed Crazy Yiuf
  4895 | D:5      | Got an encrusted ring mail
  5266 | D:6      | Reached skill level 9 in Bows
  5266 | D:6      | Reached skill level 5 in Hexes
  5310 | D:6      | HP: 2/43 [orc priest/divine providence (16)]
  5310 | D:6      | Hit by a stone thrown by an orc warrior

Action                   |  1- 3 |  4- 6 |  7- 9 || total
-------------------------+-------+-------+-------++-------
 Fire: Bow               |   111 |   164 |   101 ||   376
       Blowgun           |       |       |    18 ||    18
 Cast: Corona            |     5 |    17 |     9 ||    31
       Slow              |     1 |    10 |    18 ||    29
Evoke: Wand              |       |       |     1 ||     1
  Use: Scroll            |     6 |     1 |     1 ||     8
       Potion            |       |     1 |       ||     1
